[ PARTIDA AOE2 · #472112300 ]
UnrankedSarracenos vs None
Equipo rival · VICT
[ ANÁLISIS DE REPETICIÓN · EXTRAÍDO DE LA PARTIDA GRABADA ]
Feudal
9:15
Castillos
23:56
Imperial
38:38
| APM promedio | 55.0 |
| APM pico | 113 |
| eAPM promedio | 23.4 |
| Aldeanos / militares | 81 / 92 |
Foco
⚔️ 45.9% · 🌾 54.1%
Archer ×75 · Skirmisher ×15 · Mangonel ×2
Feudal
8:36
Castillos
21:58
Imperial
38:32
| APM promedio | 53.0 |
| APM pico | 75 |
| eAPM promedio | 24.3 |
| Aldeanos / militares | 111 / 90 |
Foco
⚔️ 32.4% · 🌾 67.6%
Eagle Scout ×36 · Archer ×35 · Skirmisher ×15 · Mangonel ×1 · Spearman ×1 · Plumed Archer ×1
Mapa de la partida
Recursos iniciales + cada clic de construcción. Líneas = muros · curvas = relieve. ◆ oro · ⬟ piedra · ● bayas · ✦ reliquia · ◌ hueco del cierre
Tu base· ✓ Cerrada en 23:56 · 52t muro · 2 puerta(s)
Base de 進房從從容容.打完連滾帶爬· Abierta — hueco de 9t
Terreno inicial suavizado · ◌ = hueco del cierre detectado · pasá el cursor para detalles
Inputs por minuto
— 47Cute - - 進房從從容容.打完連滾帶爬
Build order — 47Cute
Primeras 150 de 286 acciones detectadas
| 0:00 | Crear | Villager (Male) |
| 0:00 | Crear | Villager (Male) |
| 0:01 | Construir | House |
| 0:02 | Construir | House |
| 0:04 | Crear | Villager (Male) |
| 0:05 | Crear | Villager (Male) |
| 1:27 | Crear | Villager (Male) |
| 1:28 | Crear | Villager (Male) |
| 1:50 | Crear | Villager (Male) |
| 2:12 | Construir | Lumber Camp |
| 2:18 | Construir | Lumber Camp |
| 2:22 | Crear | Villager (Male) |
| 2:23 | Crear | Villager (Male) |
| 2:25 | Investigar | Loom |
| 2:26 | Investigar | Loom |
| 2:49 | Crear | Villager (Male) |
| 2:49 | Crear | Villager (Male) |
| 2:49 | Crear | Villager (Male) |
| 3:28 | Construir | House |
| 3:31 | Crear | Villager (Male) |
| 3:36 | Crear | Villager (Male) |
| 3:39 | Crear | Villager (Male) |
| 3:39 | Crear | Villager (Male) |
| 4:00 | Construir | Palisade Wall |
| 4:00 | Construir | Palisade Wall |
| 4:01 | Construir | Palisade Wall |
| 4:30 | Crear | Villager (Male) |
| 4:49 | Construir | Palisade Wall |
| 4:49 | Construir | Palisade Wall |
| 4:55 | Construir | Mining Camp |
| 5:10 | Crear | Villager (Male) |
| 5:26 | Crear | Villager (Male) |
| 5:40 | Crear | Villager (Male) |
| 6:13 | Investigar | Loom |
| 6:13 | Investigar | Loom |
| 7:00 | Investigar | Feudal Age |
| 7:00 | Investigar | Feudal Age |
| 7:17 | Construir | Lumber Camp |
| 7:34 | Crear | Villager (Male) |
| 7:54 | Construir | Barracks |
| 8:05 | Crear | Villager (Male) |
| 8:40 | Construir | House |
| 9:15 | Edad | Edad Feudal |
| 9:17 | Construir | Archery Range |
| 9:20 | Construir | House |
| 9:32 | Construir | Palisade Wall |
| 9:34 | Construir | House |
| 9:40 | Construir | Palisade Wall |
| 9:53 | Crear | Villager (Male) |
| 9:55 | Investigar | Double-Bit Axe |
| 10:02 | Crear | Archer |
| 10:02 | Crear | Archer |
| 10:13 | Construir | Mill |
| 10:20 | Crear | Villager (Male) |
| 10:32 | Crear | Archer |
| 10:46 | Construir | Blacksmith |
| 10:51 | Construir | House |
| 10:53 | Construir | Palisade Wall |
| 10:58 | Crear | Villager (Male) |
| 11:18 | Crear | Villager (Male) |
| 11:28 | Construir | Farm |
| 11:31 | Construir | Farm |
| 11:43 | Crear | Archer |
| 11:46 | Crear | Villager (Male) |
| 11:58 | Construir | Farm |
| 12:09 | Construir | Farm |
| 12:21 | Crear | Archer |
| 12:21 | Crear | Villager (Male) |
| 12:36 | Crear | Villager (Male) |
| 12:48 | Crear | Villager (Male) |
| 12:57 | Crear | Archer |
| 13:00 | Construir | Farm |
| 13:00 | Construir | Farm |
| 13:01 | Construir | Farm |
| 13:04 | Construir | House |
| 13:06 | Construir | House |
| 13:18 | Crear | Archer |
| 13:29 | Construir | Farm |
| 13:36 | Crear | Villager (Male) |
| 13:42 | Construir | House |
| 13:44 | Construir | Palisade Wall |
| 13:53 | Crear | Villager (Male) |
| 14:00 | Construir | House |
| 14:02 | Construir | Palisade Wall |
| 14:05 | Crear | Archer |
| 14:25 | Crear | Villager (Male) |
| 14:32 | Investigar | Fletching |
| 14:32 | Investigar | Fletching |
| 14:36 | Construir | House |
| 14:38 | Construir | Palisade Gate |
| 14:40 | Construir | Palisade Wall |
| 14:54 | Crear | Villager (Male) |
| 14:59 | Crear | Archer |
| 15:17 | Crear | Villager (Male) |
| 15:41 | Crear | Archer |
| 15:49 | Crear | Villager (Male) |
| 15:49 | Crear | Villager (Male) |
| 15:54 | Construir | Farm |
| 16:06 | Crear | Archer |
| 16:08 | Crear | Villager (Male) |
| 16:14 | Construir | Farm |
| 16:21 | Construir | House |
| 16:24 | Construir | House |
| 16:25 | Construir | Palisade Wall |
| 16:28 | Crear | Archer |
| 16:29 | Crear | Villager (Male) |
| 16:32 | Investigar | Gold Mining |
| 16:35 | Construir | Farm |
| 16:39 | Construir | Farm |
| 16:48 | Investigar | Horse Collar |
| 16:52 | Crear | Villager (Male) |
| 16:53 | Construir | Farm |
| 17:03 | Crear | Archer |
| 17:31 | Construir | House |
| 17:32 | Construir | House |
| 17:48 | Crear | Archer |
| 17:48 | Crear | Villager (Male) |
| 18:08 | Crear | Archer |
| 18:13 | Crear | Villager (Male) |
| 18:20 | Crear | Archer |
| 18:29 | Crear | Villager (Male) |
| 18:33 | Construir | Farm |
| 18:34 | Construir | Farm |
| 18:44 | Construir | Archery Range |
| 19:02 | Crear | Skirmisher |
| 19:03 | Crear | Skirmisher |
| 19:10 | Crear | Villager (Male) |
| 19:12 | Crear | Skirmisher |
| 19:15 | Construir | Lumber Camp |
| 19:17 | Construir | House |
| 19:19 | Construir | House |
| 19:21 | Construir | Palisade Wall |
| 19:31 | Crear | Skirmisher |
| 19:46 | Crear | Archer |
| 19:50 | Crear | Archer |
| 19:58 | Crear | Skirmisher |
| 20:05 | Crear | Villager (Male) |
| 20:31 | Crear | Villager (Male) |
| 20:35 | Construir | Market |
| 21:12 | Crear | Archer |
| 21:16 | Investigar | Castle Age |
| 21:16 | Investigar | Castle Age |
| 21:40 | Crear | Archer |
| 21:51 | Construir | Palisade Gate |
| 22:02 | Crear | Skirmisher |
| 22:03 | Crear | Skirmisher |
| 22:03 | Crear | Villager (Male) |
| 22:18 | Crear | Skirmisher |
| 22:25 | Investigar | Padded Archer Armor |
| 22:32 | Crear | Villager (Male) |
Build order — 進房從從容容.打完連滾帶爬
Primeras 150 de 324 acciones detectadas
| 0:03 | Investigar | Loom |
| 0:05 | Construir | House |
| 0:07 | Construir | House |
| 0:30 | Crear | Villager (Male) |
| 0:30 | Crear | Villager (Male) |
| 0:38 | Crear | Villager (Male) |
| 1:42 | Crear | Villager (Male) |
| 1:57 | Crear | Villager (Male) |
| 2:13 | Construir | Lumber Camp |
| 2:24 | Crear | Villager (Male) |
| 2:41 | Crear | Villager (Male) |
| 3:03 | Crear | Villager (Male) |
| 3:19 | Crear | Villager (Male) |
| 3:30 | Construir | House |
| 3:39 | Crear | Villager (Male) |
| 4:29 | Crear | Villager (Male) |
| 4:33 | Construir | Mining Camp |
| 4:37 | Crear | Villager (Male) |
| 5:13 | Crear | Villager (Male) |
| 5:41 | Crear | Villager (Male) |
| 5:55 | Crear | Villager (Male) |
| 6:26 | Investigar | Feudal Age |
| 6:45 | Construir | Mill |
| 7:33 | Crear | Villager (Male) |
| 7:36 | Construir | House |
| 7:50 | Crear | Villager (Male) |
| 8:05 | Construir | Barracks |
| 8:36 | Edad | Edad Feudal |
| 8:38 | Crear | Villager (Male) |
| 9:04 | Crear | Villager (Male) |
| 9:11 | Construir | Archery Range |
| 9:27 | Investigar | Double-Bit Axe |
| 9:27 | Investigar | Double-Bit Axe |
| 9:56 | Construir | House |
| 9:57 | Crear | Archer |
| 9:59 | Crear | Villager (Male) |
| 10:10 | Crear | Eagle Scout |
| 10:14 | Crear | Archer |
| 10:25 | Crear | Villager (Male) |
| 10:29 | Construir | Farm |
| 10:35 | Construir | House |
| 10:37 | Construir | Palisade Wall |
| 10:45 | Crear | Archer |
| 11:08 | Crear | Archer |
| 11:10 | Crear | Archer |
| 11:15 | Crear | Villager (Male) |
| 11:17 | Construir | Farm |
| 11:20 | Construir | Farm |
| 11:27 | Construir | Palisade Wall |
| 11:43 | Crear | Villager (Male) |
| 11:44 | Crear | Spearman |
| 11:59 | Crear | Villager (Male) |
| 12:19 | Crear | Villager (Male) |
| 12:27 | Crear | Villager (Male) |
| 12:47 | Crear | Villager (Male) |
| 12:47 | Crear | Archer |
| 12:55 | Crear | Archer |
| 12:58 | Crear | Villager (Male) |
| 13:00 | Construir | Archery Range |
| 13:03 | Construir | House |
| 13:06 | Construir | House |
| 13:28 | Construir | House |
| 13:29 | Construir | House |
| 13:30 | Construir | House |
| 13:39 | Construir | Blacksmith |
| 13:40 | Crear | Villager (Male) |
| 13:44 | Crear | Archer |
| 13:53 | Crear | Villager (Male) |
| 14:00 | Construir | House |
| 14:03 | Construir | Farm |
| 14:12 | Crear | Eagle Scout |
| 14:28 | Investigar | Fletching |
| 14:31 | Construir | Palisade Wall |
| 14:36 | Crear | Villager (Male) |
| 14:40 | Crear | Archer |
| 14:43 | Construir | Farm |
| 14:45 | Construir | Farm |
| 14:57 | Crear | Villager (Male) |
| 15:12 | Crear | Archer |
| 15:44 | Crear | Villager (Male) |
| 15:48 | Crear | Villager (Male) |
| 15:49 | Crear | Archer |
| 15:49 | Crear | Archer |
| 15:50 | Crear | Villager (Male) |
| 15:52 | Crear | Archer |
| 15:55 | Construir | Farm |
| 15:59 | Construir | Palisade Gate |
| 16:03 | Crear | Villager (Male) |
| 16:06 | Crear | Archer |
| 16:13 | Investigar | Padded Archer Armor |
| 16:14 | Crear | Villager (Male) |
| 16:16 | Construir | Farm |
| 16:19 | Construir | Farm |
| 16:22 | Investigar | Horse Collar |
| 16:25 | Construir | Farm |
| 16:29 | Construir | Farm |
| 16:30 | Crear | Villager (Male) |
| 16:32 | Crear | Archer |
| 16:40 | Crear | Archer |
| 16:48 | Crear | Archer |
| 16:55 | Construir | House |
| 16:58 | Construir | House |
| 17:04 | Crear | Villager (Male) |
| 17:17 | Crear | Archer |
| 17:20 | Crear | Villager (Male) |
| 17:23 | Construir | House |
| 17:32 | Crear | Villager (Male) |
| 17:49 | Crear | Villager (Male) |
| 17:50 | Crear | Archer |
| 18:12 | Crear | Villager (Male) |
| 18:14 | Crear | Villager (Male) |
| 18:18 | Construir | Farm |
| 18:19 | Construir | Farm |
| 18:21 | Construir | Market |
| 18:25 | Crear | Archer |
| 18:30 | Construir | Farm |
| 19:18 | Investigar | Castle Age |
| 19:23 | Crear | Archer |
| 19:27 | Construir | Palisade Wall |
| 19:29 | Construir | Palisade Wall |
| 19:45 | Construir | Lumber Camp |
| 20:21 | Crear | Archer |
| 20:34 | Crear | Eagle Scout |
| 20:36 | Investigar | Scale Mail Armor |
| 20:51 | Construir | Barracks |
| 21:13 | Crear | Villager (Male) |
| 21:21 | Crear | Archer |
| 21:22 | Crear | Archer |
| 21:25 | Crear | Eagle Scout |
| 21:38 | Crear | Villager (Male) |
| 21:48 | Crear | Eagle Scout |
| 21:54 | Crear | Archer |
| 21:58 | Edad | Edad de los Castillos |
| 21:59 | Construir | Mining Camp |
| 22:03 | Investigar | Gold Mining |
| 22:04 | Investigar | Gold Mining |
| 22:04 | Investigar | Crossbowman (upgrade) |
| 22:27 | Crear | Archer |
| 22:29 | Investigar | Bodkin Arrow |
| 22:30 | Crear | Archer |
| 22:31 | Crear | Archer |
| 22:35 | Construir | Town Center |
| 22:46 | Crear | Archer |
| 22:49 | Crear | Archer |
| 22:55 | Crear | Archer |
| 22:58 | Crear | Archer |
| 23:00 | Crear | Villager (Male) |
| 23:05 | Construir | Farm |
| 23:06 | Crear | Eagle Scout |
| 23:12 | Crear | Archer |
Cronología de la partida
| 4:00 | 47Cute · wall_segment Palisade Wall x3 |
| 4:00 | 47Cute · wall_segment Palisade Wall x1 |
| 4:01 | 47Cute · wall_segment Palisade Wall x4 |
| 4:49 | 47Cute · wall_segment Palisade Wall x1 |
| 4:49 | 47Cute · wall_segment Palisade Wall x1 |
| 7:54 | 47Cute · first_building Barracks |
| 8:05 | 進房從從容容.打完連滾帶爬 · first_building Barracks |
| 8:36 | 進房從從容容.打完連滾帶爬 · age_up feudal |
| 9:11 | 進房從從容容.打完連滾帶爬 · first_building Archery Range |
| 9:15 | 47Cute · age_up feudal |
| 9:17 | 47Cute · first_building Archery Range |
| 9:32 | 47Cute · wall_segment Palisade Wall x12 |
| 9:40 | 47Cute · wall_segment Palisade Wall x5 |
| 10:37 | 進房從從容容.打完連滾帶爬 · wall_segment Palisade Wall x9 |
| 10:53 | 47Cute · wall_segment Palisade Wall x8 |
| 11:27 | 進房從從容容.打完連滾帶爬 · wall_segment Palisade Wall x7 |
| 13:44 | 47Cute · wall_segment Palisade Wall x3 |
| 14:02 | 47Cute · wall_segment Palisade Wall x6 |
| 14:31 | 進房從從容容.打完連滾帶爬 · wall_segment Palisade Wall x10 |
| 14:40 | 47Cute · wall_segment Palisade Wall x3 |
| 16:25 | 47Cute · wall_segment Palisade Wall x6 |
| 19:16 | 進房從從容容.打完連滾帶爬 · first_market_buy 100 food |
| 19:17 | 進房從從容容.打完連滾帶爬 · first_market_sell 100 wood |
| 19:21 | 47Cute · wall_segment Palisade Wall x1 |
| 19:27 | 進房從從容容.打完連滾帶爬 · wall_segment Palisade Wall x4 |
| 19:29 | 進房從從容容.打完連滾帶爬 · wall_segment Palisade Wall x1 |
| 21:58 | 進房從從容容.打完連滾帶爬 · age_up castle |
| 23:56 | 47Cute · age_up castle |
| 27:12 | 47Cute · first_market_sell 100 food |
| 27:28 | 47Cute · wall_segment Palisade Wall x1 |
| 28:11 | 進房從從容容.打完連滾帶爬 · wall_segment Palisade Wall x1 |
| 29:29 | 47Cute · wall_segment Palisade Wall x1 |
| 30:23 | 進房從從容容.打完連滾帶爬 · first_building Siege Workshop |
| 32:00 | 47Cute · first_building Siege Workshop |
| 33:23 | 47Cute · wall_segment Palisade Wall x1 |
| 34:42 | 47Cute · first_building Monastery |
| 34:44 | 進房從從容容.打完連滾帶爬 · first_building Monastery |
| 34:57 | 進房從從容容.打完連滾帶爬 · first_building Castle |
| 35:22 | 47Cute · first_market_buy 100 food |
| 38:28 | 47Cute · first_building Castle |
| 38:32 | 進房從從容容.打完連滾帶爬 · age_up imperial |
| 38:38 | 47Cute · age_up imperial |
| 38:49 | 47Cute · resign |
[ ANÁLISIS IA · 1 CRÉDITO ]
¿Qué pasó realmente en esta partida?
Wolo.gg analiza cada decisión: build order, eco, micro, errores típicos por bracket. Análisis personalizado por WhatsApp o Discord en 30 segundos.
Guía civ
Sarracenos
Perfil
Jugador #4420692